 Dungeon Crawl Stone Soup version 0.32-a0-540-g866d13106e (webtiles) character file.

Game seed: 7118856510567378655

2768 Frenzy the Fighter (level 9, -8/82 (85) HPs)
             Began as a Minotaur Fighter on Feb 28, 2024.
             Was a Follower of Makhleb.
             Mangled by a wight
             ... wielding a +1 battleaxe of venom
              (11 damage)
             ... on level 7 of the Dungeon.
             The game lasted 00:17:59 (3770 turns).

Frenzy the Fighter (Minotaur Fighter)               Turns: 3770, Time: 00:17:59

HP:   -8/82 (85)    AC: 13    Str: 26    XL:     9   Next: 42%
MP:   0/8           EV:  4    Int: 11    God:    Makhleb [*.....]
Gold: 0             SH:  0    Dex: 15    Spells: 8/8 levels left

rFire   . . .        m - +0 morningstar
rCold   . . .        c - +0 buckler
rNeg    . . .        H - +0 chain mail
rPois   .            (helmet restricted)
rElec   .            k - scarf {repulsion}
rCorr   .            v - +0 pair of gloves
SInv    .            D - +0 pair of boots {Stlth+}
Will    .....        j - amulet of reflection Stlth
                     t - +6 ring of dexterity
HPRegen 0.33/turn    y - +6 ring of intelligence
MPRegen 0.11/turn

%: repel missiles, reflection
@: lethally poisoned (-8 -> -16), held, hasted, lightly drained, very quick
A: horns 2, retaliatory headbutt
a: Renounce Religion


You were on level 7 of the Dungeon.
You worshipped Makhleb.
Makhleb was aware of your devotion.
You visited 2 branches of the dungeon, and saw 8 of its levels.

Inventory:

Hand Weapons
 m - a +0 morningstar (weapon)
Armour
 b - a +1 scale mail
 c - a +0 buckler (worn)
 k - a scarf of repulsion (worn)
 v - a +0 pair of gloves (worn)
 D - a +0 pair of boots of stealth (worn)
 H - a +0 chain mail (worn)
Jewellery
 j - an amulet of reflection (around neck)
 t - a +6 ring of dexterity (left hand)
 y - a +6 ring of intelligence (right hand)
Talismans
 z - a beast talisman
Wands
 p - a wand of mindburst (32)
 u - a wand of polymorph (6)
Scrolls
 e - a scroll of vulnerability
 h - a scroll of fear
 r - 2 scrolls of teleportation
 A - 2 scrolls of amnesia {unknown}
 B - 3 scrolls of identify
 C - a scroll of poison {unknown}
 G - a scroll of butterflies {unknown}
Potions
 g - a potion of mutation
 l - a potion of enlightenment {unknown}
 n - a potion of brilliance {unknown}
 o - 3 potions of degeneration
 q - 2 potions of attraction
 s - a potion of cancellation {unknown}
 w - a potion of resistance {unknown}
 x - a potion of haste
 E - a potion of ambrosia {unknown}
 F - a potion of magic {unknown}


   Skills:
 * Level 9.7 Fighting
 * Level 9.3 Maces & Flails
 + Level 7.4 Armour
 + Level 7.2 Shields


You had 8 spell levels left.
You didn't know any spells.
Your spell library contained the following spells:

 Spells                   Type           Power      Damage    Failure   Level
 Ensorcelled Hibernation  Hex/Ice        0%         N/A       95%         2
 Mercury Vapours          Alch/Air       0%         N/A       95%         2
 Fugue of the Fallen      Necr           0%         N/A       99%         3
 Mephitic Cloud           Conj/Alch/Air  0%         N/A       99%         3
 Anguish                  Hex/Necr       0%         N/A       100%        4
 Leda's Liquefaction      Alch/Erth      0%         N/A       100%        4
 Freezing Cloud           Conj/Ice/Air   0%         6-21      100%        5
 Lee's Rapid Deconstruct  Erth           0%         3d4*      100%        5
 Bombard                  Conj/Erth      0%         9d1       100%        6


Dungeon Overview and Level Annotations

Branches:
Dungeon (7/15)             Temple (1/1) D:5

Altars:
Ashenzari
Cheibriados
Dithmenos
Elyvilon
Fedhas
Gozag
Kikubaaqudgha
Makhleb
Nemelex Xobeh
Okawaru
Qazlal
Sif Muna
Trog
Uskayaw
Vehumet
Wu Jian
Yredelemnul

Annotations:
D:7 Maurice


Innate Abilities, Weirdness & Mutations

You have a pair of horns on your head.
You reflexively headbutt those who attack you in melee.


Message History

You miss something. Your headbutt misses something.
You feel very sick.
The wight hits you with a +1 battleaxe of venom.
Something hits you but does no damage. Something bites you but does no damage.
You are constricted.
Unknown command.
Okay, then.
Read: 2 scrolls of fear
Press: ? - help, Q - select action, (/) - cycle Dir - look around, f - activate
As you read the scroll of fear, it crumbles to dust.
You assume a fearsome visage.
The wight is unaffected.
You feel very sick. The wight hits you but does no damage.
You are more poisoned.
Something completely misses you. Something bites you.
* * * LOW HITPOINT WARNING * * *
You feel your power leaking away. Something drains your magic.
You are constricted.
* * * LOW HITPOINT WARNING * * *
As you read the scroll of fog, it dissolves into smoke.
* * * LOW HITPOINT WARNING * * *
You feel very sick.
The wight hits you with a +1 battleaxe of venom.
* * * LOW HITPOINT WARNING * * *
You feel drained.
* * * LOW HITPOINT WARNING * * *
You hear some strange, mumbled words.
The roots lose their grip on you.
* * * LOW HITPOINT WARNING * * *
You feel very sick.
A throwing net appears from out of thin air!
The throwing net hits you.
You become entangled in the net!
You see here a throwing net.
Unknown command.
It was a potion of haste.
You feel yourself speed up.
* * * LOW HITPOINT WARNING * * *
You feel very sick.
The wight hits you with a +1 battleaxe of venom!
You die...

.###.##...#........#
.###.§§..)#...........
<........§#...........#
...§§§§§§...######....#
......§§..##...# ....#
.....§§.§.##...# ....#
.....§.§..##.§.# ...#####
#....§.#..##.§§###....#...#
###.#.....##.§§z@.....#...#
#.#.###..#.§§§§.....#...######+
###.#.#
#....§.§....!.#...#......
....#.#
#.#...........#...#......
.####.#..
##..........#...#......
..)...#. #.......####...#......
.###### ........# #...#......
.#############.#####
#...#...... .........# #.#
##..†#...##'


You could see a wight.

Vanquished Creatures
  Prince Ribbit (D:7)
  A wraith (D:7)
  A steam dragon (D:7)
  Menkaure (D:7)
  A water moccasin (D:7)
  2 sky beasts (D:7)
  2 ogres
  A phantom (D:7)
  A wyvern zombie (D:7)
  2 bullfrogs
  4 scorpions
  A water moccasin zombie (D:7)
  2 wights (D:7)
  6 killer bees (D:7)
  The ghost of anacleto the Cudgeller, a weakling AtBe of Trog (D:3)
  An electric eel (D:6)
  2 howler monkeys (D:6)
  A vampire bat (D:4)
  A centaur zombie (D:7)
  4 bombardier beetles
  3 hounds
  2 jellies
  2 orc wizards (D:5)
  2 sleepcaps
  2 killer bee zombies (D:7)
  4 adders (D:2)
  2 gnolls (D:6)
  A shadow imp (D:6)
  2 ufetubi (D:6)
  2 ribbon worms (D:3)
  A dart slug (D:5)
  5 orcs
  10 ball pythons
  3 bat skeletons (D:4)
  3 bat zombies (D:4)
  6 endoplasms
  A giant cockroach (D:2)
  13 goblins
  12 hobgoblins
  A jackal (D:4)
  7 kobolds
  4 quokkas
  4 bats
  5 rats
133 creatures vanquished.

Notes
Turn   | Place    | Note
-------+----------+-------------------------------------------
     0 | D:1      | Frenzy the Minotaur Fighter began the quest for the Orb.
     0 | D:1      | Reached XP level 1. HP: 19/19 MP: 0/0
   210 | D:1      | Reached XP level 2. HP: 24/27 MP: 1/1
   441 | D:1      | Reached XP level 3. HP: 29/33 MP: 2/2
   821 | D:2      | Reached XP level 4. HP: 41/41 MP: 3/3
   879 | D:2      | Found a faded altar of an unknown god.
  1452 | D:3      | Noticed anacleto's ghost (weakling AtBe)
  1456 | D:3      | Found a runed translucent door.
  1500 | D:3      | Killed anacleto's ghost
  1501 | D:3      | Reached skill level 5 in Fighting
  1501 | D:3      | Reached XP level 5. HP: 34/48 MP: 4/4
  1856 | D:4      | Noticed an ogre
  1862 | D:4      | Killed an ogre
  1863 | D:4      | Reached XP level 6. HP: 38/56 MP: 5/5
  2123 | D:4      | Found an ancient bone altar of Kikubaaqudgha.
  2126 | D:4      | Reached skill level 5 in Armour
  2198 | D:4      | Reached skill level 5 in Maces & Flails
  2198 | D:4      | Found a stormy altar of Qazlal.
  2250 | D:5      | Entered Level 5 of the Dungeon
  2269 | D:5      | Reached skill level 5 in Shields
  2301 | D:5      | Found a staircase to the Ecumenical Temple.
  2312 | D:5      | Reached XP level 7. HP: 45/63 MP: 6/6
  2320 | Temple   | Entered the Ecumenical Temple
  2328 | Temple   | Became a worshipper of Makhleb the Destroyer
  2359 | D:5      | Found a white marble altar of Elyvilon.
  2660 | D:6      | Found an opulent altar of Gozag.
  2951 | D:6      | Reached XP level 8. HP: 40/73 MP: 7/7
  3144 | D:6      | Noticed a +0 dagger
  3146 | D:6      | Found a hide-covered altar of Uskayaw.
  3147 | D:6      | Noticed a +0 hand axe
  3252 | D:6      | Found an iron altar of Okawaru.
  3313 | D:7      | Noticed Prince Ribbit
  3329 | D:7      | Killed Prince Ribbit
  3387 | D:7      | Reached * piety under Makhleb
  3581 | D:7      | Reached XP level 9. HP: 82/82 MP: 8/8
  3597 | D:7      | Noticed Menkaure
  3606 | D:7      | Killed Menkaure
  3745 | D:7      | Noticed Maurice
  3749 | D:7      | Maurice stole a ring of wizardry
  3753 | D:7      | Something stole a flux talisman
  3754 | D:7      | Something stole an orb of energy
  3756 | D:7      | Something stole a throwing net
  3760 | D:7      | Something stole a +0 flail
  3765 | D:7      | Something stole 339 gold
  3770 | D:7      | HP: 3/82 [poisoned by a wight]
  3770 | D:7      | Mangled by a wight

Illustrated notes

Levels and vault maps discovered:
D:1:      lightli_arrival_maybe_door_vault, layout_loops_ring
D:2:      layout_rooms, ebering_ecumenical_altar_box, grunt_decor_one_mirror
D:3:      layout_basic, hellmonk_ghost_happy_afterlife
D:4:      layout_basic, kennysheep_vampire_church, overflow_temple_1_default,
          serial_glass, glass_columns_a, glass_columns_b, glass_columns_c,
          glass_columns_b, due_unseen_surprise
D:5:      layout_cave_pools, mainiacjoe_overflow_cross_hatched,
          minmay_temple_entry_glass, uniq_crazy_yiuf_cottage
D:6:      hellmonk_crumbling_castle, layout_rooms, lemuel_crystal_altar,
          okawaru_altar_gauntlet_db, dancing_weapons_uskayaw,
          small_statue_intersection, kennysheep_cross_room,
          hangedman_abyss_or_decor_lesser_grid
D:7:      layout_basic, serial_undead, serial_undead_a, serial_undead_d,
          serial_undead_e, serial_undead_f, uniq_prince_ribbit1, uniq_maggie,
          uniq_menkaure, uniq_joseph, uniq_maurice
Temple:   nicolae_temple_bog_church

Skill      XL: |  1  2  3  4  5  6  7  8  9 |
---------------+----------------------------+-----
Fighting       | 4 5 6 7 8 9 |  9.7
Armour         | 4 5 6 7 |  7.4
Shields        | 4 5 6 7 |  7.2
Maces & Flails | 3 4 5 6 8 9 |  9.3

Action                     |  1- 3 |  4- 6 |  7- 9 || total
---------------------------+-------+-------+-------++-------
  Melee: Flail             |    70 |       |       ||    70
         Headbutt          |     5 |    16 |    37 ||    58
         Morningstar       |       |    88 |   173 ||   261
  Evoke: Wand              |       |       |     1 ||     1
    Use: Scroll            |       |     8 |     2 ||    10
         Potion            |       |     1 |     2 ||     3
 Armour: Scale mail        |    66 |    71 |    12 ||   149
         Chain mail        |       |       |   171 ||   171
  Dodge: Dodged            |    47 |    38 |    60 ||   145
         Repelled          |       |     2 |     8 ||    10
  Block: Buckler           |    22 |    34 |   126 ||   182
         Reflection        |       |       |     3 ||     3

Table legend: (Time is in decaauts)
 A = Elapsed time spent in this place.
 B = Non-inter-level travel time spent in this place.
 C = Inter-level travel time spent in this place.
 D = Time resting spent in this place.
 E = Time spent auto-exploring this place.
 F = Levels seen in this place.
 G = Mean time per level.
                   A        B        C        D        E       F      G
               +--------+--------+--------+--------+--------+-----+--------+
         Total |   3838 |   1391 |   2447 |      0 |      0 |   8 |  479.8 |
       Dungeon |   3822 |   1389 |   2433 |      0 |      0 |   7 |  546.0 |
        Temple |     16 |      2 |     14 |      0 |      0 |   1 |   16.0 |
               +--------+--------+--------+--------+--------+-----+--------+

Top non-repeatable levels by time:
     D:1: 722 daAuts
     D:6: 652 daAuts
     D:3: 600 daAuts
     D:2: 513 daAuts
     D:7: 482 daAuts
     D:4: 455 daAuts
     D:5: 395 daAuts
  Temple: 16 daAuts
